 Dungeon Crawl Stone Soup version 0.18-a0-1203-gbde16db (webtiles) character file.

189 namelastname112 the Insei (level 5, -2/33 HPs)
             Began as a Tengu Monk on Feb 2, 2016.
             Slain by a river rat (8 damage)
             ... in a sewer.
             The game lasted 00:04:39 (3118 turns).

namelastname112 the Insei (Tengu Monk)              Turns: 3118, Time: 00:04:39

Health: -2/33      AC:  3    Str: 12    XL:     5   Next: 68%
Magic:  3/6        EV: 17    Int: 11    God:
Gold:   108        SH:  0    Dex: 16    Spells: 0 memorised, 4 levels left

rFire  . . .     SeeInvis .       - Unarmed
rCold  . . .     Gourm    .     a - +0 robe
rNeg   . . .     Faith    .     (no shield)
rPois  .         Spirit   .     (helmet restricted)
rElec  .         Dismiss  .     (no cloak)
rCorr  .         Reflect  .     n - +0 pair of gloves
SustAt .         Harm     .     (boots unavailable)
MR     .....                    (no amulet)
Stlth  ++........               (no ring)
                                (no ring)

@: flying quickly and evasively, quick, not resistant to hostile enchantments,
unstealthy
A: beak, talons 3, able to fly 1
a: no special abilities


You were in a sewer.
You were not hungry.

You visited 1 branch of the dungeon, and saw 3 of its levels.
You also visited: Sewer.

You collected 108 gold pieces.

Inventory:

Missiles
 q - 3 javelins (quivered)
Armour
 a - a +0 robe (worn)
 n - a +0 pair of gloves (worn)
Scrolls
 c - 4 scrolls of identify {unknown}
 d - 2 scrolls of amnesia {unknown}
 f - a scroll of recharging {unknown}
 k - a scroll of remove curse {unknown}
 o - a scroll of random uselessness {unknown}
 r - a scroll of teleportation {unknown}
Potions
 e - 2 potions of lignification {unknown}
 g - 3 potions of curing {unknown}
 h - a potion of heal wounds {unknown}
 i - a potion of magic {unknown}
 l - 2 potions of might {unknown}
 p - a potion of cure mutation {unknown}
Books
 j - a book of Power

   Spells                             Type                      Level
   a - Fulminant Prism                Conjuration/Hexes            4
   b - Iskenderun's Mystic Blast      Conjuration                  4
   c - Venom Bolt                     Conjuration/Poison           5
   d - Bolt of Magma                  Conjuration/Fire/Earth       5
   e - Iron Shot                      Conjuration/Earth            6
   f - Orb of Destruction             Conjuration                  7
   g - Spellforged Servitor           Conjuration/Summoning        7
Comestibles
 b - a bread ration
 m - 3 fruits
 s - 2 chunks of flesh
 t - a beef jerky


   Skills:
 + Level 3.8 Fighting
 + Level 2.1 Armour
 + Level 4.1 Dodging
 - Level 2.0 Stealth
 * Level 5.8 Unarmed Combat


You had 4 spell levels left.
You didn't know any spells.

Dungeon Overview and Level Annotations

Branches:
Dungeon (3/15)

Altars:
Elyvilon
Nemelex Xobeh
Vehumet


Innate Abilities, Weirdness & Mutations

You have a beak for a mouth.
You have claws for feet.
You can fly.


Message History

A rat comes into view.
You enter the shallow water.
Moving in this stuff is going to be slow.
The kobold misses you.
Things that are here:
a rat corpse; an adder corpse You swoop lightly up into the air.
You feel very comfortable in the air.
You feel somewhat more hungry.
You hit the river rat.
You punch the river rat, but do no damage.
The river rat is heavily wounded.
The river rat closely misses you.
You barely miss the river rat. Your kick misses the river rat.
The river rat is heavily wounded.
The river rat barely misses you.
You barely miss the river rat. You claw the river rat.
Your peck misses the river rat.
The river rat is heavily wounded.
The river rat bites you!
You die...

#≈≈≈≈≈≈#.....#
#≈≈≈≈≈≈#.....#
###≈≈≈≈≈≈###'##
..≈≈≈≈≈≈≈≈≈≈...#
.≈≈≈≈≈≈≈≈≈≈....#
..≈≈≈≈≈≈≈≈.≈...#
...≈≈≈≈≈≈≈....†.#
..≈≈≈≈≈≈≈≈≈.(..##
#r....≈≈≈≈≈≈@#....#
#r....≈≈≈≈≈≈r##K†##
#....≈≈≈≈≈≈K##K.#
#....≈≈≈≈≈≈##K..#
#...≈≈≈≈≈†#K(..## ##
#....≈≈≈≈K≈.....# #∩
#...≈≈≈≈≈.......#
#.###..≈≈≈≈≈≈≈...#..#
#..#...≈≈≈≈≈≈≈.###..#


You could see a big kobold, a river rat and a kobold.

Vanquished Creatures
  An orc wizard (D:3)
  Terence (D:2)
  A river rat (Sewer)
  5 adders
  An ooze (D:1)
  A worm (D:2)
  A giant gecko (D:1)
  5 orcs (D:3)
  5 ball pythons
  10 bats
  2 giant cockroaches
  7 goblins
  7 hobgoblins
  A giant newt (D:1)
  13 kobolds
  10 rats
71 creatures vanquished.

Notes
Turn   | Place    | Note
--------------------------------------------------------------
     0 | D:1      | namelastname112 the Tengu Monk began the quest for the Orb.
     0 | D:1      | Reached XP level 1. HP: 14/14 MP: 2/2
   548 | D:1      | Reached XP level 2. HP: 17/19 MP: 3/3
   706 | D:1      | Reached skill level 1 in Armour
   729 | D:1      | Reached XP level 3. HP: 14/23 MP: 4/4
  1181 | D:2      | Noticed Terence
  1209 | D:2      | Killed Terence
  1209 | D:2      | Reached skill level 5 in Unarmed Combat
  1664 | D:2      | Found a radiant altar of Vehumet.
  1970 | D:2      | Reached XP level 4. HP: 28/28 MP: 5/5
  2567 | D:3      | Found a white marble altar of Elyvilon.
  2703 | D:3      | Found a sparkling altar of Nemelex Xobeh.
  2716 | D:3      | Gained mutation: You can fly. [Tengu growth]
  2716 | D:3      | Reached XP level 5. HP: 21/32 MP: 6/6
  2903 | D:3      | Found a glowing drain.
  2938 | Sewer    | Entered a sewer
  3085 | Sewer    | Noticed a big kobold
  3118 | Sewer    | Slain by a river rat

Vault maps used:
D:1:      minmay_arrival_solitary_statue
D:2:      overflow_temple_1_default, uniq_terence
D:3:      lemuel_crystal_altar, lemuel_round_altar, portal_sewer_entry_b
Sewer:    sewer_minmay_treatment

Action                   |  1- 3 |  4- 6 || total
-------------------------+-------+-------++-------
Melee: Unarmed           |    79 |   141 ||   220
 Abil: Fly               |       |     3 ||     3
 Stab: Sleeping          |     3 |     3 ||     6
  Eat: Chunk             |     3 |     4 ||     7
